 Dungeon Crawl Stone Soup version 0.17-a0-1105-gbe8b664 (webtiles) character file.

242 inmateoo the Twirler (level 5, -6/41 HPs)
             Began as a Demonspawn Gladiator on May 21, 2015.
             Killed by divine providence
             ... invoked by an orc priest
              (9 damage)
             ... on level 3 of the Dungeon.
             The game lasted 00:03:40 (2466 turns).

inmateoo the Twirler (Demonspawn Gladiator)         Turns: 2466, Time: 00:03:40

Health: -6/41      AC:  7    Str: 15    XL:     5   Next: 81%
Magic:  0/6        EV: 10    Int: 11    God:
Gold:   193        SH:  0    Dex: 13    Spells: 0 memorised, 5 levels left

rFire  . . .     SeeInvis .     a - +0 quarterstaff
rCold  . . .     Clarity  .     k - +0 scale mail
rNeg   . . .     SustAb   .     (no shield)
rPois  .         Gourm    .     c - +0 helmet
rElec  .         Spirit   +     (no cloak)
rCorr  .         Warding  .     i - -2 pair of gloves (curse)
rMut   .         Stasis   .     q - +0 pair of boots
MR     .....                    (no amulet)
Stlth  ..........               (no ring)
                                (no ring)

@: not resistant to hostile enchantments, extremely unstealthy
A: magic shield, magic regeneration
a: no special abilities


You were on level 3 of the Dungeon.
You were not hungry.

You visited 1 branch of the dungeon, and saw 3 of its levels.

You collected 193 gold pieces.

Inventory:

Hand weapons
 a - a +0 quarterstaff (weapon)
Missiles
 d - 3 throwing nets (quivered)
Armour
 c - a +0 helmet (worn)
 i - a cursed -2 pair of gloves (worn)
 k - a +0 scale mail (worn)
 q - a +0 pair of boots (worn)
Scrolls
 n - a scroll of amnesia
Potions
 g - a potion of might
 l - 2 potions of curing
Comestibles
 e - 4 bread rations
 f - a beef jerky
 j - a meat ration
 m - 2 slices of pizza


   Skills:
 + Level 3.0 Fighting
 * Level 4.3 Staves
 - Level 2.6 Throwing
 + Level 3.6 Dodging
 + Level 0.6 Spellcasting


You had 5 spell levels left.
You didn't know any spells.

Dungeon Overview and Level Annotations

Branches:
Dungeon (3/15)

Altars:
Cheibriados
Kikubaaqudgha
Ru


Innate Abilities, Weirdness & Mutations

When hurt, damage is shared between your health and your magic reserves.
You regenerate magic rapidly.


Message History

The orc priest mumbles some strange prayers to Beogh against you.
Something smites you!
A goblin comes into view.
Found a club.
The orc priest invokes the aid of Beogh against you.
Something smites you!
* * * LOW HITPOINT WARNING * * *
Found a stone staircase leading up.
The orc priest calls down the wrath of Beogh upon you.
Something smites you!
* * * LOW HITPOINT WARNING * * *
Found a snail-covered altar of Cheibriados.
You see here a club.
A goblin comes into view. It is wielding a dagger.
The goblin shouts!
All of the chunks of flesh in your inventory have rotted away.
Found a potion of curing.
The orc priest calls down the wrath of Beogh upon you.
Something smites you!
You die...

##### #...# .....###
.......##############
....._..o.o#........#
........##..).....#.#
...⌠....###....o@..g#
........#
#..####.#.....
._.....## #..# .... ##.
......o####.(##....!..
................<...###
###########..####.#$#
........# #..# .#.####
#######.# #..#
##.#..... # #.#
#..###.....#


You could see an orc priest, an orc and a goblin.

Vanquished Creatures
  2 hounds (D:3)
  An orc wizard (D:2)
  Terence (D:3)
  A gnoll (D:3)
  5 adders (D:2)
  3 worms (D:3)
  4 giant geckos
  2 ball pythons
  2 giant cockroaches
  12 goblins
  5 hobgoblins
  A quokka (D:2)
  8 bats
  5 giant newts
  6 kobolds
  10 rats
68 creatures vanquished.

Notes
Turn   | Place    | Note
--------------------------------------------------------------
     0 | D:1      | inmateoo the Demonspawn Gladiator began the quest for the Orb.
     0 | D:1      | Reached XP level 1. HP: 16/16 MP: 1/1
   143 | D:1      | Gained mutation: When hurt, damage is shared between your health and your magic reserves. [demonic ancestry]
   143 | D:1      | Reached XP level 2. HP: 20/22 MP: 2/2
   174 | D:1      | Reached skill level 3 in Staves
   798 | D:2      | Reached XP level 3. HP: 18/28 MP: 3/3
  1253 | D:2      | Found a sacrificial altar of Ru.
  1263 | D:2      | Gained mutation: You regenerate magic rapidly. [demonic ancestry]
  1263 | D:2      | Reached XP level 4. HP: 26/34 MP: 2/4
  1926 | D:3      | Reached skill level 4 in Staves
  1926 | D:3      | Reached XP level 5. HP: 37/39 MP: 5/5
  2372 | D:3      | Noticed Terence
  2380 | D:3      | Killed Terence
  2385 | D:3      | Found an ancient bone altar of Kikubaaqudgha.
  2449 | D:3      | HP: 1/41 [orc priest/divine providence (11)]
  2452 | D:3      | Found a snail-covered altar of Cheibriados.
  2466 | D:3      | Killed from afar by an orc priest

Vault maps used:
D:1:      lightli_arrival_statue_moat
D:2:      nicolae_ru_great_annihilating_truth, first_bread
D:3:      grunt_temple_overflow_open, cheibrodos_gnoll_hut, uniq_terence

Action                   |  1- 3 |  4- 6 || total
-------------------------+-------+-------++-------
Melee: Quarterstaff      |   111 |   155 ||   266
  Use: Potion            |     1 |       ||     1
       Scroll            |       |     7 ||     7
 Stab: Paralysed         |       |     2 ||     2
  Eat: Chunk             |     1 |     4 ||     5
